 Dungeon Crawl Stone Soup version 0.24-a0-789-g35933f4585 (webtiles) character file.

Game seed: 3708452121593499943, levelgen mode: deterministic

8 Kohma the Caller (level 2, -2/19 HPs)
             Began as a Merfolk Summoner on Oct 10, 2019.
             Slain by a hobgoblin
             ... wielding a +0 club
              (5 damage)
             ... on level 1 of the Dungeon.
             The game lasted 00:01:55 (433 turns).

Kohma the Caller (Merfolk Summoner)                  Turns: 433, Time: 00:01:55

Health: -2/19      AC:  2    Str:  8    XL:     2   Next: 8%
Magic:  2/5        EV: 13    Int: 14    God:
Gold:   20         SH:  0    Dex: 14    Spells: 4/5 levels left

rFire    . . .     SeeInvis .   f - +0 club
rCold    . . .     Gourm    .   (no shield)
rNeg     . . .     Faith    .   a - +0 robe
rPois    .         Spirit   .   (no helmet)
rElec    .         Reflect  .   (no cloak)
rCorr    .         Harm     .   (no gloves)
MR       .....                  (no boots)
Stlth    ++........             (no amulet)
HPRegen  0.06/turn              (no ring)
MPRegen  0.09/turn              (no ring)

@: no status effects
A: change form in water, swift swim, stealthy swim
a: no special abilities


You were on level 1 of the Dungeon.
You were not hungry.

You visited 1 branch of the dungeon, and saw 1 of its levels.

You collected 20 gold pieces.

Inventory:

Hand Weapons
 f - a +0 club (weapon)
Armour
 a - a +0 robe (worn)
Scrolls
 e - a scroll of noise {unknown}
 g - 2 scrolls of fear {unknown}
 h - a scroll of remove curse {unknown}
Potions
 b - a potion of cancellation {unknown}
 d - a potion of magic {unknown}
 i - 2 potions of haste {unknown}
Comestibles
 c - a ration
 j - 3 chunks of flesh


   Skills:
 + Level 2.9 Dodging
 + Level 2.5 Stealth
 + Level 2.1 Spellcasting
 + Level 4.1 Summonings


You had 4 spell levels left.
You knew the following spells:

 Your Spells              Type           Power        Failure   Level  Hunger
a - Summon Small Mammal   Summ           ##..         4%          1    #......

Your spell library contained the following spells:

 Spells                   Type           Power        Failure   Level  Hunger
 Call Imp                 Summ           ##......     7%          2    ###....
 Call Canine Familiar     Summ           ##......     13%         3    ###....
 Summon Guardian Golem    Hex/Summ       #.......     30%         3    ###....
 Summon Ice Beast         Ice/Summ       #.......     69%         4    #####..
 Summon Lightning Spire   Summ/Air       #.......     69%         4    #####..


Dungeon Overview and Level Annotations

Branches:
Dungeon (1/15)

Altars:


Message History

Your bat hits the hobgoblin but does no damage.
Your bat closely misses the hobgoblin.
Your bat hits the hobgoblin but does no damage.
The hobgoblin hits you but does no damage.
You completely miss the hobgoblin.
Your bat barely misses the hobgoblin. x2
Your bat hits the hobgoblin but does no damage.
The leopard gecko barely misses you.
Your bat barely misses the hobgoblin.
The hobgoblin closely misses your bat.
Your bat closely misses the hobgoblin.
The leopard gecko barely misses you.
Your bat barely misses the leopard gecko.
The hobgoblin closely misses you.
You closely miss the hobgoblin.
Your bat barely misses the hobgoblin.
Your bat hits the hobgoblin but does no damage.
The leopard gecko bites you. The hobgoblin hits you with a +0 club.
* * * LOW HITPOINT WARNING * * *
The leopard gecko closely misses you.
The hobgoblin hits you but does no damage.
Your bat hits the hobgoblin.
Your bat closely misses the hobgoblin.
The hobgoblin hits you with a +0 club.
You die...

##### ... #... .... ....
###.####..... ###....
)............ .......
###.#.###+#+# ..$..# #
#.#.#.#.#.# .$...#
###.#.#...#.########.....#
................bggb.....#.
###.#.#.#.#.#...@÷l........
# #.#.#...#.#.##########.##
###.#.#...#.... .
#.........## ###.#.....#
..#.###.# .#.#.# #.#
#.#.#.. # #. ##


You could see a leopard gecko, 2 hobgoblins and 2 friendly bats.

Vanquished Creatures
  2 hobgoblins (D:1)
2 creatures vanquished.

Vanquished Creatures (collateral kills)
  A leopard gecko (D:1)
  A bat (D:1)
  A hobgoblin (D:1)
  A kobold (D:1)
  3 rats (D:1)
7 creatures vanquished.

Grand Total: 9 creatures vanquished

Notes
Turn   | Place    | Note
-------+----------+-------------------------------------------
     0 | D:1      | Kohma the Merfolk Summoner began the quest for the Orb.
     0 | D:1      | Reached XP level 1. HP: 13/13 MP: 3/3
   405 | D:1      | Reached XP level 2. HP: 16/19 MP: 3/5
   433 | D:1      | Slain by a hobgoblin

Levels and vault maps discovered:
D:1:      minmay_arrival_radiant_lines, layout_basic

Action                   || total
-------------------------++-------
Melee: Unarmed           ||    14
       Club              ||    18
 Cast: Summon Small Mamm ||    13
Armor: Robe              ||    12
Dodge: Dodged            ||    55

Table legend:
 A = Non-vault XP
 B = Vault XP
 C = Vault XP percentage of total XP
 D = Non-vault monster count
 E = Vault monster count
 F = Vault count percentage of total count
                 A         B        C        D         E       F
            +---------+---------+-------+---------+---------+-------
      Total |      12 |       0 |   0.0 |       9 |       0 |   0.0
            +---------+---------+-------+---------+---------+-------
        D:1 |      12 |       0 |   0.0 |       9 |       0 |   0.0
            +---------+---------+-------+---------+---------+-------
